 Dungeon Crawl Stone Soup version 0.25-a0-591-g2ad0d861f1 (webtiles) character file.

Game seed: 12195252549825837147, levelgen mode: classic

414 EnegeticOcto the Chopper (level 6, -5/58 HPs)
             Began as a Deep Dwarf Fighter on Mar 13, 2020.
             Was an Initiate of Makhleb.
             Slain by an ogre
             ... wielding a +0 giant club
              (19 damage)
             ... on level 5 of the Dungeon.
             The game lasted 00:01:04 (1841 turns).

EnegeticOcto the Chopper (Deep Dwarf Fighter)       Turns: 1841, Time: 00:01:04

Health: -5/58      AC: 12    Str: 22    XL:     6   Next: 60%
Magic:  4/4        EV:  4    Int:  8    God:    Makhleb [......]
Gold:   189        SH: 10    Dex: 12    Spells: 5/5 levels left

rFire    . . .     SeeInvis .   a - +0 war axe
rCold    . . .     Gourm    .   c - +0 kite shield
rNeg     . . .     Faith    .   j - +0 plate armour
rPois    .         Spirit   .   (no helmet)
rElec    .         Reflect  .   (no cloak)
rCorr    .         Harm     .   (no gloves)
MR       .....                  (no boots)
Stlth    ..........             (no amulet)
HPRegen  0.00/turn              (no ring)
MPRegen  0.09/turn              (no ring)

@: non-regenerating
A: damage resistance, heal wounds, sense surroundings 1, no regeneration
a: Heal Wounds, Renounce Religion


You were on level 5 of the Dungeon.
You worshipped Makhleb.
Makhleb was noncommittal.
You were not hungry.

You visited 1 branch of the dungeon, and saw 5 of its levels.

You collected 189 gold pieces.

Inventory:

Hand Weapons
 a - a +0 war axe (weapon)
Armour
 c - a +0 kite shield (worn)
 j - a +0 plate armour (worn)
Jewellery
 r - an uncursed amulet of harm {unknown}
 s - an uncursed ring of ice {unknown}
Scrolls
 b - 2 scrolls of blinking {unknown}
 d - a scroll of teleportation {unknown}
 f - 5 scrolls of identify {unknown}
 g - a scroll of enchant weapon {unknown}
 i - 2 scrolls of remove curse {unknown}
 l - a scroll of fear {unknown}
 p - a scroll of amnesia {unknown}
Potions
 h - a potion of cancellation {unknown}
 k - 2 potions of might {@q3}
 m - a potion of curing {unknown}
 n - a potion of stabbing {unknown}
 o - a potion of resistance {unknown}
Comestibles
 e - 7 rations
 q - 4 chunks of flesh


   Skills:
 * Level 4.4 Fighting
 * Level 4.9 Axes
 + Level 4.4 Armour
 + Level 4.4 Shields
 * Level 0.2 Invocations


You had 5 spell levels left.
You didn't know any spells.
Your spell library was empty.

Dungeon Overview and Level Annotations

Branches:
Dungeon (5/15)
 Temple: D:4-7

Altars:
Dithmenos
Gozag
Makhleb
Nemelex Xobeh
Yredelemnul
Zin


Innate Abilities, Weirdness & Mutations

You are resistant to damage.
You can heal yourself by infusing magical energy.
You passively map a small area around you.
You do not regenerate.


Message History

An adder is nearby!
Found a ration.
You closely miss the adder. You block the adder's attack.
The adder bites you but does no damage.
You miss the adder. The adder bites you but does no damage.
Your shield and plate armour prevent you from hitting the adder.
You block the adder's attack. x2
You slash the adder!
The adder is almost dead.
You block the adder's attack. The adder bites you.
You closely miss the adder.
The adder is almost dead.
The adder bites you but does no damage. x2
You miss the adder.
The adder is almost dead.
You block the adder's attack.
You slice the adder!!
You kill the adder!
Makhleb accepts your kill.
No target in view!
No target in view!
No target in view!
No target in view!
No target in view!
You butcher the adder corpse.
q - 5 chunks of flesh (gained 1)
You see here an adder skeleton. x2
e - 7 rations (gained 1)
A quokka comes into view.
The quokka moves out of view.
You feel much better.
The quokka is too close now for your liking.
A quokka is nearby!
A quokka is nearby!
A quokka is nearby!
A quokka is nearby!
You block the quokka's attack.
You hit the quokka.
The quokka is severely wounded.
The quokka barely misses you.
You miss the quokka.
The quokka is severely wounded.
The quokka bites you but does no damage.
The quokka twitches its whiskers.
The quokka barely misses you.
You slash the quokka!
You kill the quokka!
Makhleb accepts your kill.
No target in view!
No target in view!
No target in view!
No target in view!
No target in view!
No target in view!
Eating one of 5 chunks of flesh.
You eat one of the 5 chunks of flesh.
This raw flesh tastes terrible.
Found a leather armour.
Found a leather armour.
s - a moonstone ring An ogre comes into view.
It is wielding a +0 giant club.
The ogre shouts!
An ogre is nearby!
An ogre is nearby!
An ogre is nearby!
An ogre is nearby!
You see here a leather armour.
You block the ogre's attack.
Your plate armour prevents you from hitting the ogre.
The ogre hits you with a +0 giant club!
You hit the ogre but do no damage. The ogre barely misses you.
Your shield prevents you from hitting the ogre.
You block the ogre's attack.
You slash the ogre!
The ogre is moderately wounded.
The ogre hits you with a +0 giant club!
You slash the ogre!
The ogre is almost dead.
You block the ogre's attack.
You hit the ogre.
The ogre is almost dead.
The ogre hits you with a +0 giant club!
* * * LOW HITPOINT WARNING * * *
You are too injured to fight recklessly!
You are too injured to fight recklessly!
You are too injured to fight recklessly!
You are too injured to fight recklessly!
You are too injured to fight recklessly!
You are too injured to fight recklessly!
You are too injured to fight recklessly!
You are too injured to fight recklessly!
You are too injured to fight recklessly!
You are too injured to fight recklessly!
You are too injured to fight recklessly!
You are too injured to fight recklessly!
You are too injured to fight recklessly!
You are too injured to fight recklessly!
You are too injured to fight recklessly!
You fail to use your ability.
The ogre hits you with a +0 giant club!!
You die...

, ##### , ,,
....., , *
##...##* * **
* 8...8 * * *
#...#* , *
#...# *
##.O.##
#8.@.8#
,..⌠....##
##.[.####
..........
#...##8### ,
.._......#
##.........
.. ......
**#⌠.........
.# ....,, ,
##...[..... *
.#* #..# * *
*#...##8###
.# #..#
##...#### ,
.####..#
#8...8# **


You could see an ogre.

Vanquished Creatures
  A scorpion (D:5)
  2 hounds (D:4)
  3 orc wizards
  A bullfrog skeleton (D:4)
  An orc priest (D:4)
  A worker ant (D:4)
  A hound skeleton (D:4)
  7 adders
  A leopard gecko (D:4)
  9 orcs
  A ball python (D:2)
  3 giant cockroaches
  2 goblins
  6 hobgoblins
  6 kobolds
  A quokka (D:5)
  4 bats
  3 frilled lizards
  7 rats
60 creatures vanquished.

Notes
Turn   | Place    | Note
-------+----------+-------------------------------------------
     0 | D:1      | EnegeticOcto the Deep Dwarf Fighter began the quest for the
                  | Orb.
     0 | D:1      | Reached XP level 1. HP: 20/20 MP: 1/1
   213 | D:1      | Reached XP level 2. HP: 24/27 MP: 2/2
   554 | D:2      | Reached XP level 3. HP: 22/34 MP: 3/3
   759 | D:3      | Reached XP level 4. HP: 38/42 MP: 3/3
  1195 | D:4      | Reached XP level 5. HP: 36/50 MP: 4/4
  1261 | D:4      | Found a sparkling altar of Nemelex Xobeh.
  1262 | D:4      | Found an opulent altar of Gozag.
  1348 | D:4      | Reached XP level 6. HP: 52/57 MP: 4/4
  1602 | D:4      | Found a basalt altar of Yredelemnul.
  1602 | D:4      | Found a shadowy altar of Dithmenos.
  1691 | D:5      | Entered Level 5 of the Dungeon
  1708 | D:5      | Found an opulent altar of Gozag.
  1740 | D:5      | Found a burning altar of Makhleb.
  1740 | D:5      | Found a glowing silver altar of Zin.
  1754 | D:5      | Noticed an angel
  1754 | D:5      | Noticed an Executioner
  1761 | D:5      | Became a worshipper of Makhleb the Destroyer
  1841 | D:5      | Slain by an ogre

Levels and vault maps discovered:
D:1:      dpeg_arrival_water_temple_mockup, layout_basic
D:2:      layout_basic
D:3:      layout_basic, chequers_ecumenical_altar_twisty
D:4:      layout_gridville, grunt_temple_overflow_opulence,
          gammafunk_temple_overflow_statue, first_ration
D:5:      layout_basic, grunt_temple_overflow_order_and_chaos_2,
          grunt_temple_overflow_open, minmay_temple_entry_statues_pillars,
          serial_shops, nicolae_shop_temple_entry_statues_fountains,
          serial_corexii_hall, corexii_hall_statues_t,
          chequers_hall_statues_wall_a, chequers_hall_statues_wall_a,
          corexii_hall_statues_u, nicolae_gozag_cash_rules_everything_around_me

Skill      XL: |  1  2  3  4  5 |
---------------+----------------+-----
Fighting       | 3 4 |  4.4
Axes           | 3 4 |  4.9
Shields        | 4 |  4.4
Armour         | 4 |  4.4
Invocations    | |  0.2

Action                   |  1- 3 |  4- 6 || total
-------------------------+-------+-------++-------
Melee: War axe           |   113 |   123 ||   236
 Abil: Heal Wounds       |     1 |     2 ||     3
  Eat: Chunk             |       |     4 ||     4
Armor: Scale mail        |    38 |       ||    38
       Plate armour      |    23 |    76 ||    99
Dodge: Dodged            |    37 |    14 ||    51
Block: Kite shield       |    73 |    74 ||   147

Table legend:
 A = Non-vault XP
 B = Vault XP
 C = Vault XP percentage of total XP
 D = Non-vault monster count
 E = Vault monster count
 F = Vault count percentage of total count
                 A         B        C        D         E       F
            +---------+---------+-------+---------+---------+-------
      Total |     592 |       0 |   0.0 |      60 |       0 |   0.0
            +---------+---------+-------+---------+---------+-------
        D:1 |      18 |       0 |   0.0 |      12 |       0 |   0.0
        D:2 |      23 |       0 |   0.0 |       8 |       0 |   0.0
        D:3 |      59 |       0 |   0.0 |      15 |       0 |   0.0
        D:4 |     350 |       0 |   0.0 |      17 |       0 |   0.0
        D:5 |     142 |       0 |   0.0 |       8 |       0 |   0.0
            +---------+---------+-------+---------+---------+-------
